 Dungeon Crawl Stone Soup version 0.23.1 (webtiles) character file.

Game seed: 8123169854962621874

49 Nihilist the Shield-Bearer (level 3, -1/33 HPs)
             Began as a Minotaur Fighter on Mar 4, 2019.
             Slain by a hobgoblin
             ... wielding a +0 club
              (2 damage)
             ... on level 2 of the Dungeon.
             The game lasted 00:16:08 (1184 turns).

Nihilist the Shield-Bearer (Minotaur Fighter)       Turns: 1184, Time: 00:16:09

Health: -1/33      AC:  5    Str: 18 (21) XL:     3   Next: 51%
Magic:  2/2        EV:  8    Int:  4 (5)  God:
Gold:   62         SH:  9    Dex:  7 (9)  Spells: 2/2 levels left

rFire    . . .     SeeInvis .   a - +0 war axe
rCold    . . .     Gourm    .   c - +0 shield
rNeg     . . .     Faith    .   h - +0 ring mail
rPois    .         Spirit   .   (helmet restricted)
rElec    .         Reflect  .   (no cloak)
rCorr    .         Harm     .   (no gloves)
MR       .....                  (no boots)
Stlth    ..........             (no amulet)
HPRegen  0.11/turn              (no ring)
MPRegen  0.08/turn              (no ring)

@: hasted, very quick
A: retaliatory headbutt, horns 2
a: no special abilities


You were on level 2 of the Dungeon.
You were hungry.

You visited 1 branch of the dungeon, and saw 2 of its levels.

You collected 62 gold pieces.

Inventory:

Hand Weapons
 a - a +0 war axe (weapon)
 e - a +0 dagger
 g - a +0 club
 i - a cursed -2 dagger
 k - a +0 club
 s - a +0 short sword
 t - a +0 club
 u - a +0 short sword
 v - a +0 hand axe
 y - a +0 club
 B - a +0 dagger
 C - a +0 short sword
Missiles
 o - 56 stones (quivered)
 p - 4 poisoned needles
 w - 13 bolts
Armour
 b - a +0 scale mail
 c - a +0 shield (worn)
 h - a +0 ring mail (worn)
 m - a +0 ring mail
 r - a +0 ring mail
Scrolls
 n - a scroll of magic mapping {unknown}
 q - a scroll of teleportation {unknown}
 x - a scroll of fear {unknown}
Potions
 d - a potion of might
 A - a potion of berserk rage {unknown}
 D - a potion of lignification {unknown}
Comestibles
 f - 4 rations


   Skills:
 + Level 3.9 Fighting
 + Level 3.1 Axes
 + Level 4.1 Armour
 + Level 0.7 Dodging
 + Level 4.3 Shields


You had 2 spell levels left.
You didn't know any spells.
Your spell library was empty.

Dungeon Overview and Level Annotations

Branches:
Dungeon (2/15)

Altars:


Innate Abilities, Weirdness & Mutations

You reflexively headbutt those who attack you in melee.
You have a pair of horns on your head.


Message History

The gnoll hits you from afar with a +0 halberd!
* * * LOW HITPOINT WARNING * * *
You block the hobgoblin's attack.
It was a potion of degeneration.
There was something very wrong with that liquid.
You feel weakened.
You feel dopey.
You feel clumsy. The gnoll barely misses you.
The hobgoblin hits you but does no damage.
It was a potion of haste.
You feel yourself speed up. The gnoll barely misses you.
You block the hobgoblin's attack.
It was a potion of curing.
You feel better. The gnoll hits you but does no damage.
You closely miss the hobgoblin. The hobgoblin hits you with a +0 club.
* * * LOW HITPOINT WARNING * * *
You hit the hobgoblin.
The hobgoblin is heavily wounded.
The gnoll hits you from afar with a +0 halberd!
* * * LOW HITPOINT WARNING * * *
The hobgoblin hits you with a +0 club.
You die...

.?... #...# #...#
#..# .#######..##
.......<...#####.##
.######..).........
####.#####.## #@#
#g# #g# #g# #.# #..
#.# .##


You could see 2 gnolls and a hobgoblin.

Vanquished Creatures
  2 gnolls (D:2)
  A dart slug (D:1)
  2 leopard geckos (D:1)
  3 bats (D:1)
  A goblin (D:2)
  3 hobgoblins (D:1)
  6 kobolds (D:1)
  5 frilled lizards
  4 rats (D:1)
27 creatures vanquished.

Notes
Turn   | Place    | Note
-------+----------+-------------------------------------------
     0 | D:1      | Nihilist the Minotaur Fighter began the quest for the Orb.
     0 | D:1      | Reached XP level 1. HP: 19/19 MP: 0/0
   223 | D:1      | Reached XP level 2. HP: 27/27 MP: 1/1
  1159 | D:2      | Reached XP level 3. HP: 29/33 MP: 2/2
  1184 | D:2      | HP: 1/33 [gnoll/+0 halberd (8)]
  1184 | D:2      | Slain by a hobgoblin

Skill      XL: |  1  2  3 |
---------------+----------+-----
Shields        | 4 |  4.3
Armour         | 4 |  4.1
Axes           | 3 |  3.1
Fighting       | |  3.9
Dodging        | |  0.7

Action                   || total
-------------------------++-------
Melee: War axe           ||    65
       Headbutt          ||     5
  Use: Potion            ||     3
Armor: Scale mail        ||     4
       Ring mail         ||    26
Dodge: Dodged            ||    22
Block: Shield            ||    41
